NCAA
CALIFORNIA GOLDEN BEARS @ IOWA HAWKEYES
05/11/2023
 
TOP OF THE 1ST
California Golden Bears batting - Pitching for Iowa Hawkeyes : RHP Micheal Wright
Pitching: RHP Micheal Wright
Batting: LHB Noah Gillespie 0-0: Ball
1-0: Called Strike
1-1: Called Strike
1-2: Foul Ball, location: 2F
1-2: Strikes out looking
Batting: RHB Júlio López 0-0: Ball
1-0: Foul Ball, location: 2F
1-1: Foul Ball, location: 2F
1-2: Foul Ball, location: 2F
1-2: Strikes out looking
Batting: RHB Stanley Robbins 0-0: Ball
1-0: Ball
2-0: Ball
3-0: Called Strike
3-1: SINGLE (Groundball, 34D) (infield hit)
Batting: LHB António Costa 0-0: Ball
Stanley Robbins is caught stealing 2nd base
Top of the 1st over - 0 run(s), 1 hit(s), 0 error(s), 0 left on base; California 0 - Iowa 0
BOTTOM OF THE 1ST
Iowa Hawkeyes batting - Pitching for California Golden Bears : RHP Juan Bonilla
Pitching: RHP Juan Bonilla
Batting: RHB Rusty Anderson 0-0: Fly out, F8 (Flyball, 8LM)
Batting: RHB Joe Zapata 0-0: Foul Ball, location: 2F
0-1: Called Strike
0-2: Foul Ball, location: 2F
0-2: Strikes out swinging
Batting: RHB Cedric Price 0-0: Ball
1-0: Ball
2-0: SINGLE (Line Drive, 56D)
Batting: LHB Rob Davidson 0-0: Called Strike
0-1: Ball
1-1: SINGLE (Line Drive, 6MD)
Cedric Price to second
Batting: SHB Júlio Valentín 0-0: Ball
1-0: Swinging Strike
1-1: Ball
2-1: Fly out, F7 (Flyball, 78M)
Bottom of the 1st over - 0 run(s), 2 hit(s), 0 error(s), 2 left on base; California 0 - Iowa 0
TOP OF THE 2ND
California Golden Bears batting - Pitching for Iowa Hawkeyes : RHP Micheal Wright
Batting: LHB António Costa 0-0: Called Strike
0-1: Ball
1-1: Ball
2-1: Ground out 6-3 (Groundball, 6)
Batting: SHB Chris Woods 0-0: Called Strike
0-1: Ball
1-1: SOLO HOME RUN (Flyball, 9D), Distance : 355 ft
Batting: RHB Dave Smith 0-0: Ball
1-0: Ball
2-0: Ball
3-0: Base on Balls
Batting: LHB Sergio Fernández 0-0: Foul Ball, location: 2F
0-1: Called Strike
0-2: Fly out, F7 (Flyball, 8LM)
Batting: SHB Jeff McGill 0-0: Swinging Strike
0-1: Foul Ball, location: 2F
0-2: Foul Ball, location: 2F
0-2: Ball
1-2: Ball
2-2: Strikes out swinging
Top of the 2nd over - 1 run(s), 1 hit(s), 0 error(s), 1 left on base; California 1 - Iowa 0
BOTTOM OF THE 2ND
Iowa Hawkeyes batting - Pitching for California Golden Bears : RHP Juan Bonilla
Batting: RHB Craig Chapman 0-0: Called Strike
0-1: Foul Ball, location: 2F
0-2: Ball
1-2: Ball
2-2: Foul Ball, location: 2F
2-2: Ball
3-2: Foul Ball, location: 2F
3-2: Foul Ball, location: 2F
3-2: Base on Balls
Batting: RHB José Gonzáles 0-0: Called Strike
0-1: Ball
1-1: Called Strike
1-2: Strikes out swinging
Batting: RHB Tucker Waters 0-0: Called Strike
0-1: Ball
1-1: Ball
2-1: Ball
3-1: SINGLE (Line Drive, 78S)
Craig Chapman to second
Batting: RHB Manuel Gómez 0-0: Fly out, F7 (Flyball, 7M)
Batting: RHB Rusty Anderson 0-0: Called Strike
0-1: Ball
1-1: Fly out, F9 (Popup, 34D)
Bottom of the 2nd over - 0 run(s), 1 hit(s), 0 error(s), 2 left on base; California 1 - Iowa 0
TOP OF THE 3RD
California Golden Bears batting - Pitching for Iowa Hawkeyes : RHP Micheal Wright
Batting: RHB John Mason 0-0: Ball
1-0: Swinging Strike
1-1: Called Strike
1-2: Strikes out swinging
Batting: LHB Noah Gillespie 0-0: Ball
1-0: Bunt missed!
1-1: Foul Ball, location: 2F
1-2: Ball
2-2: Ball
3-2: Foul Ball, location: 2F
3-2: Base on Balls
Batting: RHB Júlio López 0-0: Called Strike
0-1: Grounds into double play, 1-6-3 (Groundball, 15S)
Top of the 3rd over - 0 run(s), 0 hit(s), 0 error(s), 0 left on base; California 1 - Iowa 0
BOTTOM OF THE 3RD
Iowa Hawkeyes batting - Pitching for California Golden Bears : RHP Juan Bonilla
Batting: RHB Joe Zapata 0-0: Foul Ball, location: 2F
0-1: Ball
1-1: Swinging Strike
1-2: Ball
2-2: Ball
3-2: Base on Balls
Batting: RHB Cedric Price 0-0: Called Strike
0-1: Ball
1-1: Ball
2-1: Foul Ball, location: 2F
2-2: Ball
3-2: Base on Balls
Joe Zapata to second
Batting: LHB Rob Davidson 0-0: Ball
1-0: Called Strike
1-1: Ball
2-1: Foul Ball, location: 2F
2-2: Ball
3-2: Base on Balls
Joe Zapata to third
Cedric Price to second
Batting: SHB Júlio Valentín 0-0: Foul Ball, location: 2F
0-1: Foul Ball, location: 2F
0-2: Ball
1-2: Strikes out swinging
Batting: RHB Craig Chapman 0-0: Called Strike
0-1: Ball
Wild Pitch!
Joe Zapata scores
Cedric Price to third
Rob Davidson to second
1-1: Foul Ball, location: 2F
1-2: Ball
Wild Pitch!
Cedric Price scores
Rob Davidson to third
2-2: Fly out, F7 (Flyball, 78S)
Batting: RHB José Gonzáles 0-0: Called Strike
0-1: Ball
1-1: Swinging Strike
Single, Error in OF, E7, batter to second base
Rob Davidson scores
Batting: RHB Tucker Waters 0-0: Foul Ball, location: 2F
0-1: Ball
1-1: Swinging Strike
1-2: Foul Ball, location: 2F
1-2: Ball
2-2: Fly out, F8 (Flyball, 8LXD)
Bottom of the 3rd over - 3 run(s), 1 hit(s), 1 error(s), 1 left on base; California 1 - Iowa 3
TOP OF THE 4TH
California Golden Bears batting - Pitching for Iowa Hawkeyes : RHP Micheal Wright
Batting: RHB Stanley Robbins 0-0: Foul Ball, location: 2F
0-1: Swinging Strike
0-2: Ball
1-2: Foul Ball, location: 2F
1-2: Strikes out swinging
Batting: LHB António Costa 0-0: Ball
1-0: Foul Ball, location: 2F
1-1: Ground out 1-3 (Groundball, 15)
Batting: SHB Chris Woods 0-0: Ball
1-0: Fly out, F9 (Line Drive, 89M)
Top of the 4th over - 0 run(s), 0 hit(s), 0 error(s), 0 left on base; California 1 - Iowa 3
BOTTOM OF THE 4TH
Iowa Hawkeyes batting - Pitching for California Golden Bears : RHP Juan Bonilla
Batting: RHB Manuel Gómez 0-0: Foul Ball, location: 2F
0-1: Called Strike
0-2: Foul Ball, location: 2F
0-2: Ball
1-2: Ball
2-2: SINGLE (Flyball, 78S)
Pitching: LHP Dan Pope
Batting: RHB Rusty Anderson 0-0: Ball
1-0: Fly out, F8 (Flyball, 8LM)
Batting: RHB Joe Zapata 0-0: Ball
1-0: Ball
2-0: Fly out, F3 (Popup, 3F)
Batting: RHB Cedric Price 0-0: Ball
1-0: Swinging Strike
1-1: Called Strike
1-2: Ball
Manuel Gómez is caught stealing 2nd base
Bottom of the 4th over - 0 run(s), 1 hit(s), 0 error(s), 0 left on base; California 1 - Iowa 3
TOP OF THE 5TH
California Golden Bears batting - Pitching for Iowa Hawkeyes : RHP Micheal Wright
Batting: RHB Dave Smith 0-0: Foul Ball, location: 2F
0-1: Ball
1-1: Ball
2-1: Ground out 5-3 (Groundball, 5S)
Batting: LHB Sergio Fernández 0-0: Ball
1-0: Ball
2-0: Called Strike
2-1: SOLO HOME RUN (Flyball, 9D), Distance : 350 ft
Batting: SHB Jeff McGill 0-0: Ball
1-0: Ball
2-0: Called Strike
2-1: DOUBLE (Line Drive, 5L)
Batting: RHB John Mason 0-0: SINGLE (Groundball, 5)
Jeff McGill to third
Runner from 3rd tries for Home, SAFE, no throw or cutoff
Batting: LHB Noah Gillespie 0-0: Foul Ball, location: 2F
0-1: Called Strike
0-2: Ball
1-2: Strikes out swinging
Batting: RHB Júlio López 0-0: Called Strike
John Mason steals 2nd base
0-1: Foul Ball, location: 2F
0-2: Ball
1-2: Strikes out swinging
Top of the 5th over - 2 run(s), 3 hit(s), 0 error(s), 1 left on base; California 3 - Iowa 3
BOTTOM OF THE 5TH
Iowa Hawkeyes batting - Pitching for California Golden Bears : LHP Dan Pope
Batting: RHB Cedric Price 0-0: Called Strike
0-1: Ball
1-1: Ball
2-1: Foul Ball, location: 2F
2-2: Fly out, F5 (Line Drive, 5L)
Batting: LHB Rob Davidson 0-0: Ball
1-0: Called Strike
1-1: Foul Ball, location: 2F
1-2: Strikes out swinging
Batting: SHB Júlio Valentín 0-0: Ball
1-0: Ball
2-0: Ball
3-0: Base on Balls
Batting: RHB Craig Chapman 0-0: Ball
1-0: Called Strike
1-1: Ball
2-1: Foul Ball, location: 2F
2-2: TRIPLE (Line Drive, 7LS)
Júlio Valentín scores
Batting: RHB José Gonzáles 0-0: Ball
1-0: Ball
2-0: Ground out 6-3 (Groundball, 6MS)
Bottom of the 5th over - 1 run(s), 1 hit(s), 0 error(s), 1 left on base; California 3 - Iowa 4
TOP OF THE 6TH
California Golden Bears batting - Pitching for Iowa Hawkeyes : RHP Micheal Wright
Pitching: RHP Stanley Russell
Batting: RHB Stanley Robbins 0-0: Ground out 6-3 (Groundball, 6)
Batting: LHB António Costa 0-0: Ball
1-0: Foul Ball, location: 2F
1-1: Ball
2-1: Called Strike
2-2: Strikes out swinging
Batting: SHB Chris Woods 0-0: DOUBLE (Groundball, 3L)
Batting: RHB Dave Smith 0-0: Ball
1-0: Ball
2-0: Ball
3-0: Base on Balls
Batting: LHB Sergio Fernández 0-0: Called Strike
0-1: Ball
1-1: Ground out U3 (Groundball, 3S)
Top of the 6th over - 0 run(s), 1 hit(s), 0 error(s), 2 left on base; California 3 - Iowa 4
BOTTOM OF THE 6TH
Iowa Hawkeyes batting - Pitching for California Golden Bears : LHP Dan Pope
Batting: RHB Tucker Waters 0-0: Ball
1-0: Swinging Strike
1-1: Ball
2-1: Called Strike
2-2: Ball
3-2: Ground out 3-1 (Groundball, 34)
Batting: RHB Manuel Gómez 0-0: Fly out, F4 (Popup, 34D)
Batting: RHB Rusty Anderson 0-0: Called Strike
0-1: Ball
1-1: Ball
2-1: Foul Ball, location: 2F
2-2: Ball
3-2: Base on Balls
Batting: RHB Joe Zapata 0-0: Fly out, F7 (Flyball, 7M)
Bottom of the 6th over - 0 run(s), 0 hit(s), 0 error(s), 1 left on base; California 3 - Iowa 4
TOP OF THE 7TH
California Golden Bears batting - Pitching for Iowa Hawkeyes : RHP Stanley Russell
Batting: SHB Jeff McGill 0-0: Ball
1-0: Foul Ball, location: 2F
1-1: Ball
2-1: Foul Ball, location: 2F
2-2: SINGLE (Groundball, 4MD)
Batting: RHB John Mason 0-0: Bunted foul
0-1: Sac Bunt - play at first, batter OUT! 1-4
Jeff McGill to second
Pinch Hitting: RHB Albert Alemán 0-0: Called Strike
0-1: Foul Ball, location: 2F
0-2: SINGLE (Line Drive, 8LS)
Jeff McGill to third
Runner from 3rd tries for Home, SAFE, no throw or cutoff
Batting: RHB Júlio López 0-0: Foul Ball, location: 2F
0-1: Foul Ball, location: 2F
0-2: Foul Ball, location: 2F
0-2: Ball
1-2: Foul Ball, location: 2F
1-2: Strikes out swinging
Batting: RHB Stanley Robbins 0-0: Ball
1-0: Called Strike
1-1: Ball
2-1: Foul Ball, location: 2F
2-2: Fly out, F4 (Popup, 34D)
Top of the 7th over - 1 run(s), 2 hit(s), 0 error(s), 1 left on base; California 4 - Iowa 4
BOTTOM OF THE 7TH
Iowa Hawkeyes batting - Pitching for California Golden Bears : LHP Dan Pope
Pitching: RHP Wilson Yoxall
Now in CF: Jeff West
Batting: RHB Cedric Price 0-0: Called Strike
0-1: Ball
1-1: Called Strike
1-2: Ball
2-2: Strikes out swinging
Batting: LHB Rob Davidson 0-0: Called Strike
0-1: Foul Ball, location: 2F
0-2: Ball
1-2: Ground out 1-3 (Groundball, 13S)
Batting: SHB Júlio Valentín 0-0: Ball
1-0: Ball
2-0: SINGLE (Groundball, 6S)
Batting: RHB Craig Chapman 0-0: Foul Ball, location: 2F
0-1: Foul Ball, location: 2F
0-2: Foul Ball, location: 2F
0-2: Fly out, F8 (Flyball, 8LM)
Bottom of the 7th over - 0 run(s), 1 hit(s), 0 error(s), 1 left on base; California 4 - Iowa 4
TOP OF THE 8TH
California Golden Bears batting - Pitching for Iowa Hawkeyes : RHP Stanley Russell
Pitching: RHP Tim Martin
Batting: LHB António Costa 0-0: Foul Ball, location: 2F
0-1: Foul Ball, location: 2F
0-2: Ball
1-2: Ball
2-2: Strikes out swinging
Batting: SHB Chris Woods 0-0: Foul Ball, location: 2F
0-1: Swinging Strike
0-2: DOUBLE (Line Drive, 89S)
Batting: RHB Dave Smith 0-0: Ball
1-0: Called Strike
1-1: Swinging Strike
1-2: Ground out 5-3 (Groundball, 5S)
Chris Woods to third
Batting: LHB Sergio Fernández 0-0: Foul Ball, location: 2F
0-1: Foul Ball, location: 2F
0-2: Ball
1-2: SINGLE (Groundball, 4M)
Chris Woods scores
Pinch Hitting: RHB Richard Stroud 0-0: Ball
1-0: Foul Ball, location: 2F
1-1: Fly out, F6 (Line Drive, 6)
Top of the 8th over - 1 run(s), 2 hit(s), 0 error(s), 1 left on base; California 5 - Iowa 4
BOTTOM OF THE 8TH
Iowa Hawkeyes batting - Pitching for California Golden Bears : RHP Wilson Yoxall
Now in LF: Richard Stroud
Batting: RHB José Gonzáles 0-0: Ball
1-0: Ball
2-0: Ball
3-0: Base on Balls
Batting: RHB Tucker Waters 0-0: Called Strike
0-1: Bunt missed!
0-2: Foul Ball, location: 2F
0-2: Grounds into double play, 4-6-3 (Groundball, 4)
Batting: RHB Manuel Gómez 0-0: Called Strike
0-1: Ball
1-1: Ball
2-1: Foul Ball, location: 2F
2-2: Ball
3-2: Base on Balls
Batting: RHB Rusty Anderson 0-0: Called Strike
0-1: Ball
1-1: Ball
2-1: Called Strike
2-2: Strikes out looking
Bottom of the 8th over - 0 run(s), 0 hit(s), 0 error(s), 1 left on base; California 5 - Iowa 4
TOP OF THE 9TH
California Golden Bears batting - Pitching for Iowa Hawkeyes : RHP Tim Martin
Batting: RHB John Mason 0-0: Called Strike
0-1: Fly out, F4 (Popup, 4D)
Batting: LHB Jeff West 0-0: Called Strike
0-1: Fly out, F7 (Flyball, 7M)
Batting: RHB Júlio López 0-0: Called Strike
0-1: Ball
1-1: Swinging Strike
1-2: Foul Ball, location: 2F
1-2: Strikes out swinging
Top of the 9th over - 0 run(s), 0 hit(s), 0 error(s), 0 left on base; California 5 - Iowa 4
BOTTOM OF THE 9TH
Iowa Hawkeyes batting - Pitching for California Golden Bears : RHP Wilson Yoxall
Pitching: RHP Steve Deal
Now at SS: Pat Bray
Batting: RHB Joe Zapata 0-0: Ball
1-0: Ball
2-0: Ball
3-0: Base on Balls
Batting: RHB Cedric Price 0-0: Swinging Strike
0-1: Ball
1-1: Fly out, F7 (Flyball, 7S)
Batting: LHB Rob Davidson 0-0: Called Strike
0-1: Swinging Strike
0-2: Strikes out looking
Batting: SHB Júlio Valentín 0-0: Ball
1-0: Foul Ball, location: 2F
1-1: Fly out, F9 (Flyball, 9LS)
Bottom of the 9th over - 0 run(s), 0 hit(s), 0 error(s), 1 left on base; California 5 - Iowa 4
This league is powered by Out of the Park Baseball, the baseball management simulation game for PC, Mac and Linux
Wednesday, December 2nd, 2015 - OOTP Baseball 16.8 Build 38